 Dungeon Crawl Stone Soup version 0.25-a0-578-gc91f01c39c (webtiles) character file.

Game seed: 4170775497395948449, levelgen mode: deterministic

203 Flugslaktarn the Chopper (level 5, -2/49 HPs)
             Began as a Deep Dwarf Fighter on Mar 3, 2020.
             Succumbed to an orc wizard's poison
             ... on level 4 of the Dungeon.
             The game lasted 00:00:44 (795 turns).

Flugslaktarn the Chopper (Deep Dwarf Fighter)        Turns: 795, Time: 00:00:45

Health: -2/49      AC:  8    Str: 20    XL:     5   Next: 51%
Magic:  4/4        EV:  7    Int:  9    God:
Gold:   43         SH:  9    Dex: 12    Spells: 4/4 levels left

rFire    . . .     SeeInvis .   a - +0 war axe
rCold    . . .     Gourm    .   c - +0 kite shield
rNeg     . . .     Faith    .   b - +0 scale mail
rPois    .         Spirit   .   k - +0 helmet
rElec    .         Reflect  .   (no cloak)
rCorr    .         Harm     .   (no gloves)
MR       .....                  (no boots)
Stlth    ..........             (no amulet)
HPRegen  0.00/turn              (no ring)
MPRegen  0.09/turn              (no ring)

@: lethally poisoned (-2 -> -68), non-regenerating
A: damage resistance, heal wounds, sense surroundings 1, no regeneration
a: Heal Wounds


You were on level 4 of the Dungeon.
You were not hungry.

You visited 1 branch of the dungeon, and saw 4 of its levels.

You collected 43 gold pieces.

Inventory:

Hand Weapons
 a - a +0 war axe (weapon)
Armour
 b - a +0 scale mail (worn)
 c - a +0 kite shield (worn)
 k - a +0 helmet (worn)
   (You took it off Robin on level 3 of the Dungeon)
Scrolls
 h - a scroll of magic mapping {unknown}
 j - 3 scrolls of amnesia {unknown}
 m - a scroll of blinking {unknown}
 n - a scroll of identify {unknown}
Potions
 d - a potion of might
 g - 2 potions of curing {unknown}
 i - 4 potions of heal wounds {unknown}
 l - 2 potions of flight {unknown}
 o - a potion of lignification {unknown}
Comestibles
 e - 5 rations
 f - 4 chunks of flesh


   Skills:
 + Level 3.4 Fighting
 * Level 4.3 Axes
 + Level 4.2 Armour
 + Level 4.2 Shields


You had 4 spell levels left.
You didn't know any spells.
Your spell library was empty.

Dungeon Overview and Level Annotations

Branches:
Dungeon (4/15)
 Temple: D:4-7

Altars:


Innate Abilities, Weirdness & Mutations

You are resistant to damage.
You can heal yourself by infusing magical energy.
You passively map a small area around you.
You do not regenerate.


Message History

You are too injured to fight recklessly!
You are too injured to fight recklessly!
You are too injured to fight recklessly!
You are too injured to fight recklessly!
You are too injured to fight recklessly!
You are too injured to fight recklessly!
You are too injured to fight recklessly!
You are too injured to fight recklessly!
You fail to use your ability.
* * * LOW HITPOINT WARNING * * *
You feel very sick. You block the orc wizard's attack.
The orc wizard casts a spell.
The orc wizard blinks!
The orc wizard hits you with a +0 dagger of venom.
* * * LOW HITPOINT WARNING * * *
You are more poisoned.
You barely miss the orc wizard.
The orc wizard is moderately wounded.
You die...

#####...#.##.........#
,
.....................+
#####................#
, #..##.###.......## *
#.###.# #......##
#.#*#.# #.#...## * #..
..# #.##'## * #.# ###
#.##.# #.# #.##@# *
*#o# , ,


oo. * ....o , * .#.###. * , , #.#.* *.. ,* ,,. ..* ## * # #. , , , You could see
3 orc wizards and an orc.

Vanquished Creatures
  Jessica (D:2)
  An iguana (D:4)
  2 worker ants
  Robin (D:3)
  3 adders
  2 worms (D:2)
  2 dart slugs
  5 leopard geckos
  5 bats
  2 giant cockroaches
  5 hobgoblins
  6 kobolds
  A frilled lizard (D:3)
  13 goblins
  6 rats
55 creatures vanquished.

Notes
Turn   | Place    | Note
-------+----------+-------------------------------------------
     0 | D:1      | Flugslaktarn the Deep Dwarf Fighter began the quest for the
                  | Orb.
     0 | D:1      | Reached XP level 1. HP: 20/20 MP: 1/1
   133 | D:1      | Reached XP level 2. HP: 24/27 MP: 2/2
   307 | D:2      | Noticed Jessica
   324 | D:2      | Killed Jessica
   324 | D:2      | Reached XP level 3. HP: 11/34 MP: 3/3
   429 | D:2      | Reached XP level 4. HP: 34/42 MP: 3/3
   476 | D:3      | Noticed Robin
   497 | D:3      | Killed Robin
   620 | D:3      | Reached XP level 5. HP: 48/49 MP: 4/4
   795 | D:4      | Succumbed to an orc wizard's poison

Levels and vault maps discovered:
D:1:      dpeg_arrival_renting, layout_basic
D:2:      layout_loops_ring, marbit_many_paths, hex_large, uniq_jessica
D:3:      layout_rooms, makhleb_grotto_becter, overflow_temple_1_default,
          first_ration, uniq_robin
D:4:      layout_loops_corners, nicolae_dithmenos_shadow_blocks

Skill      XL: |  1  2  3  4 |
---------------+-------------+-----
Fighting       | 3 |  3.4
Axes           | 3 4 |  4.3
Armour         | 4 |  4.2
Shields        | 4 |  4.2

Action                   |  1- 3 |  4- 6 || total
-------------------------+-------+-------++-------
Melee: War axe           |    66 |    99 ||   165
 Abil: Heal Wounds       |     3 |     1 ||     4
Armor: Scale mail        |    27 |    69 ||    96
Dodge: Dodged            |    22 |    35 ||    57
Block: Kite shield       |    32 |    68 ||   100

Table legend:
 A = Non-vault XP
 B = Vault XP
 C = Vault XP percentage of total XP
 D = Non-vault monster count
 E = Vault monster count
 F = Vault count percentage of total count
                 A         B        C        D         E       F
            +---------+---------+-------+---------+---------+-------
      Total |     217 |      73 |  25.2 |      42 |      13 |  23.6
            +---------+---------+-------+---------+---------+-------
        D:1 |      17 |       0 |   0.0 |       8 |       0 |   0.0
        D:2 |      47 |      37 |  44.0 |      15 |       1 |   6.2
        D:3 |      83 |      36 |  30.3 |      17 |      12 |  41.4
        D:4 |      70 |       0 |   0.0 |       2 |       0 |   0.0
            +---------+---------+-------+---------+---------+-------
